 Dungeon Crawl Stone Soup version 0.26.1-11-gd32895ea62 (webtiles) character file.

Game seed: 12174090464618273829

436 Tocho the Conjurer (level 6, -1/48 HPs)
             Began as a Draconian Conjurer on June 14, 2021.
             Slain by Diggabert's ghost (13 damage)
             ... on level 4 of the Dungeon.
             The game lasted 00:11:35 (5272 turns).

Tocho the Conjurer (Draconian Conjurer)             Turns: 5272, Time: 00:11:36

Health: -1/48      AC:  6    Str: 10    XL:     6   Next: 68%
Magic:  3/10       EV: 13    Int: 20    God:
Gold:   315        SH:  0    Dex:  9    Spells: 7/10 levels left

rFire    . . .     SeeInvis .   t - +1 dagger (flame)
rCold    . . .     Faith    .   (no shield)
rNeg     . . .     Spirit   .   (armour unavailable)
rPois    .         Reflect  .   (helmet restricted)
rElec    .         Harm     .   (no cloak)
rCorr    .         Rampage  .   (no gloves)
Will     .....                  (no boots)
Stlth    ++........             (no amulet)
HPRegen  0.16/turn              (no ring)
MPRegen  0.12/turn              (no ring)

@: no status effects
A: unfitting armour, cold-blooded, AC +6
a: no special abilities


You were on level 4 of the Dungeon.
You visited 1 branch of the dungeon, and saw 4 of its levels.

You collected 315 gold pieces.

Inventory:

Hand Weapons
 m - a +0 short sword
 t - a +1 dagger of flaming (weapon)
Missiles
 l - 72 bolts
 o - 5 poisoned darts
Jewellery
 i - an uncursed ring of stealth
 n - a cursed ring of teleportation
 x - a cursed amulet of inaccuracy
Wands
 p - a wand of disintegration (15)
Scrolls
 b - 2 scrolls of fear {unknown}
 d - a scroll of amnesia {unknown}
 f - a scroll of remove curse {unknown}
 k - a scroll of random uselessness {unknown}
 q - a scroll of enchant armour {unknown}
 v - 3 scrolls of fog {unknown}
 y - a scroll of enchant weapon {unknown}
 z - a scroll of noise {unknown}
 A - 2 scrolls of identify
 B - a scroll of immolation {unknown}
Potions
 a - 2 potions of heal wounds {unknown}
 c - a potion of degeneration {unknown}
 e - 2 potions of might {unknown}
 g - a potion of mutation {unknown}
 h - a potion of cancellation {unknown}
 j - a potion of magic {unknown}
 r - a potion of flight {unknown}
 s - a potion of lignification {unknown}
 u - a potion of haste {unknown}
 w - 2 potions of curing {unknown}
 C - a potion of berserk rage {unknown}


   Skills:
 + Level 1.7 Fighting
 + Level 3.1 Short Blades
 + Level 3.1 Dodging
 + Level 2.9 Stealth
 + Level 0.6 Unarmed Combat
 + Level 2.6 Spellcasting
 + Level 5.4 Conjurations


You had 7 spell levels left.
You knew the following spells:

 Your Spells              Type           Power        Failure   Level
a - Magic Dart            Conj           96%          1%          1
b - Searing Ray           Conj           48%          2%          2

Your spell library contained the following spells:

 Spells                   Type           Power        Failure   Level
 Dazzling Flash           Conj/Hex       26%          14%         3
 Fulminant Prism          Conj/Hex       6%           43%         4
 Iskenderun's Mystic Bla  Conj/Tloc      13%          43%         4


Dungeon Overview and Level Annotations

Branches:
Dungeon (4/15)
 Temple: D:4-7

Altars:
Zin

Annotations:
D:4 1 runed translucent door, Diggabert's ghost, amateur HOFi


Innate Abilities, Weirdness & Mutations

Your plain brown scales are hard. (AC +6)
You cannot fit into any form of body armour.
You are cold-blooded and may be slowed by cold attacks.


Message History

Diggabert's ghost is heavily damaged. (Press . to maintain the ray.)
The searing ray hits Diggabert's ghost.
Diggabert's ghost is severely damaged.
Diggabert's ghost closely misses you.
The searing ray hits Diggabert's ghost.
Diggabert's ghost is severely damaged.
Diggabert's ghost hits you!
* * * LOW HITPOINT WARNING * * *
The searing ray hits Diggabert's ghost!
Diggabert's ghost is almost destroyed.
You finish channeling your searing ray.
Diggabert's ghost closely misses you.
Aiming: Searing Ray (safe; 2% risk of failure)
Press: ? - help, Q - select action, (/) - cycle Shift-Dir - straight line, f/p - Diggabert's ghost
Aim: Diggabert's ghost (almost destroyed, 15% to evade)
The searing ray misses Diggabert's ghost. (Press . to maintain the ray.) Diggabert's ghost whispers, "There is no future for you."
Diggabert's ghost hits you!
You die...

#.............
#.............
#####.........
#.........
#########.########
#.......#†#
#.#####.#†# #.#
#...#†# #@#
#.###.######## #W#
#.#........... #.#
#.#[#.#######.
#.###.#.#'#######.
#.#...#........##.
#.#............##.
#.#....#.......##.
#.'............##.
###....##'#...###.


You could see Diggabert's ghost.

Vanquished Creatures
  A bullfrog (D:4)
  A scorpion (D:4)
  A howler monkey (D:4)
  2 worker ants (D:4)
  10 adders
  A river rat (D:4)
  A white imp (D:4)
  An ooze (D:3)
  3 worms
  2 dart slugs
  6 leopard geckos (D:4)
  13 orcs
  3 ball pythons
  3 goblins
  12 hobgoblins
  11 jackals
  10 kobolds
  A quokka (D:3)
  8 bats
  2 frilled lizards
  A jackal skeleton (D:4)
  8 rats
101 creatures vanquished.

Notes
Turn   | Place    | Note
-------+----------+-------------------------------------------
     0 | D:1      | Tocho the Draconian Conjurer began the quest for the Orb.
     0 | D:1      | Reached XP level 1. HP: 14/14 MP: 3/3
   363 | D:1      | Reached XP level 2. HP: 20/20 MP: 3/5
   523 | D:1      | HP: 1/20 [goblin/cursed -3 club (6)]
  1063 | D:1      | Learned a level 2 spell: Searing Ray
  1472 | D:2      | Reached XP level 3. HP: 23/26 MP: 0/6
  1715 | D:2      | Reached skill level 5 in Conjurations
  2500 | D:3      | Reached XP level 4. HP: 34/34 MP: 4/7
  3159 | D:3      | Reached skill level 1 in Short Blades
  3567 | D:4      | Reached XP level 5. HP: 39/39 MP: 8/8
  3594 | D:4      | Reached skill level 1 in Fighting
  3620 | D:4      | Found a glowing silver altar of Zin.
  4175 | D:4      | Reached XP level 6. HP: 45/47 MP: 9/9
  4231 | D:4      | Found a runed translucent door.
  4235 | D:4      | Noticed Diggabert's ghost (amateur HOFi)
  4874 | D:4      | Found a runed translucent door.
  5272 | D:4      | Slain by Diggabert's ghost

Illustrated notes

Levels and vault maps discovered:
D:1:      minmay_arrival_nine_rooms, layout_rooms
D:2:      minmay_evil_eye, layout_basic
D:3:      layout_basic
D:4:      layout_basic, zin_treasury, ebering_ghost_sewer_f

Skill      XL: |  1  2  3  4  5  6 |
---------------+-------------------+-----
Dodging        | 2 3 |  3.1
Conjurations   | 5 |  5.4
Stealth        | 2 |  2.9
Short Blades   | 1 2 3 |  3.1
Fighting       | 1 |  1.7
Unarmed Combat | |  0.6
Spellcasting   | |  2.6

Action                   |  1- 3 |  4- 6 || total
-------------------------+-------+-------++-------
Melee: Unarmed           |    46 |       ||    46
       Tailslap          |     5 |     8 ||    13
       Short sword       |    26 |    42 ||    68
       Dagger            |       |    77 ||    77
 Cast: Magic Dart        |    31 |     1 ||    32
       Searing Ray       |    19 |    26 ||    45
  Use: Scroll            |       |     3 ||     3
 Stab: Sleeping          |       |     3 ||     3
Armor: Skin              |    30 |    46 ||    76
Dodge: Dodged            |    62 |   112 ||   174
